 Dungeon Crawl Stone Soup version 0.28.0 (webtiles) character file.

Game seed: 11093564573908835372

9709 bonscott the Reanimator (level 11, -7/64 HPs)
             Began as a Vampire Necromancer on Feb 20, 2022.
             Was a Priest of Sif Muna.
             Mangled by Snorg (16 damage)
             ... on level 11 of the Dungeon.
             The game lasted 01:39:13 (13075 turns).

bonscott the Reanimator (Vampire Necromancer)      Turns: 13075, Time: 01:39:13

Health: -7/64      AC: 19    Str: 11    XL:     11   Next: 26%
Magic:  5/23       EV: 11    Int: 23    God:    Sif Muna [***...]
Gold:   644        SH:  0    Dex: 14    Spells: 10/26 levels left

rFire   + . .      SeeInvis +   a - +4 war axe of Yredelemnul's Grace {vorpal, Int+4}
rCold   + + .      Faith    .   (no shield)
rNeg    + + +      Spirit   .   E - +1 ring mail {rF+}
rPois   ∞          Reflect  .   b - +0 helmet
rElec   .          Harm     .   m - +0 cloak
rCorr   .          Rampage  .   (no gloves)
Will    +....                   O - +0 pair of boots
Stlth   ++++......              r - amulet of regeneration
HPRegen 0.00/turn               t - +4 ring of protection
MPRegen 0.18/turn               y - +4 ring of protection

@: very slightly contaminated, bloodless, inhibited regen, studying Throwing
A: bloodless, fangs 3, see invisible, vampiric 2
a: Bat Form, Revivify, Renounce Religion, Channel Magic, Forget Spell


You were on level 11 of the Dungeon.
You worshipped Sif Muna.
Sif Muna was most pleased with you.
You visited 1 branch of the dungeon, and saw 11 of its levels.

You collected 644 gold pieces.

Inventory:

Hand Weapons
 a - the +4 war axe of Yredelemnul's Grace (weapon) {vorpal, Int+4}
   (You found it on level 5 of the Dungeon)

   It inflicts extra damage upon your enemies.
   Int:       It affects your intelligence (+4).
 c - a +1 war axe of electrocution
 J - a +1 whip of flaming
 M - a +0 hunting sling
 S - a +2 war axe of freezing
Missiles
 d - 55 poisoned darts
 h - 5 boomerangs
 F - 254 stones
Armour
 b - a +0 helmet (worn)
 m - a +0 cloak (worn)
 u - a +0 buckler
 B - an orb of light
 E - a +1 ring mail of fire resistance (worn)
 O - a +0 pair of boots (worn)
 Q - +0 acid dragon scales
Jewellery
 r - an amulet of regeneration (around neck)
 t - a +4 ring of protection (left hand)
 y - a +4 ring of protection (right hand)
 z - a ring of protection from cold
 R - a ring of fire
 T - an amulet of magic regeneration
Wands
 j - a wand of polymorph (4)
 l - a wand of digging (4)
 C - a wand of paralysis (3)
 Y - a wand of flame (13)
 Z - a wand of iceblast (4)
Scrolls
 g - a scroll of identify
 i - 2 scrolls of enchant weapon
 n - a scroll of teleportation {unknown}
 p - a scroll of immolation {unknown}
 q - 2 scrolls of torment
 x - a scroll of blinking
 A - a scroll of enchant armour {unknown}
 D - a scroll of summoning {unknown}
 N - a scroll of noise {unknown}
 P - a scroll of fear {unknown}
 X - a scroll of fog {unknown}
Potions
 e - a potion of flight
 f - a potion of resistance
 k - 2 potions of haste
 o - 4 potions of curing
 s - 4 potions of might
 G - a potion of cancellation
 I - a potion of mutation {unknown}
 K - 3 potions of heal wounds
 L - a potion of attraction {unknown}
 V - 2 potions of ambrosia


   Skills:
 + Level 6.1 Fighting
 + Level 4.2 Throwing
 + Level 6.1 Armour
 - Level 2.1 Dodging
 - Level 3.0 Stealth
 + Level 5.1 Shields
 - Level 8.0 Spellcasting
 - Level 10.0 Necromancy
 - Level 3.0 Invocations
 - Level 3.0 Evocations


You had 10 spell levels left.
You knew the following spells:

 Your Spells              Type           Power      Damage    Failure   Level
a - Apportation           Tloc           18%        N/A       14%         1
c - Corpse Rot            Necr/Air       64%        N/A       2%          2
i - Pain                  Necr           100%       1d9       1%          1
m - Vampiric Draining     Necr           53%        2d9       1%          3
u - Dispel Undead         Necr           53%        3d19      2%          4
y - Agony                 Necr           53%        N/A       7%          5

Your spell library contained the following spells:

 Spells                   Type           Power      Damage    Failure   Level
 Animate Skeleton         Necr           100%       N/A       1%          1
 Sublimation of Blood     Necr           53%        N/A       1%          2
 Animate Dead             Necr           26%        N/A       2%          4
 Freeze                   Ice            36%        1d6       14%         1
 Death Channel            Necr           26%        N/A       36%         6
 Dazzling Flash           Conj/Hex       18%        N/A       41%         3
 Frozen Ramparts          Ice            18%        1d3       41%         3
 Gell's Gravitas          Tloc           9%         N/A       41%         3
 Teleport Other           Tloc           9%         N/A       41%         3
 Hailstorm                Conj/Ice       9%         3d4       82%         4
 Petrify                  Tmut/Erth      9%         N/A       82%         4
 Alistair's Intoxication  Tmut/Pois      6%         N/A       99%         5
 Irradiate                Conj/Tmut      4%         3d15      99%         5
 Silence                  Hex/Air        4%         N/A       99%         5
 Dispersal                Tloc           4%         N/A       100%        6


Dungeon Overview and Level Annotations

Branches:
Dungeon (11/15)            Temple (0/1) D:5            Lair (0/6) D:9
    Orc: D:9-12

Altars:
Fedhas
Gozag
Hepliaklqana
Okawaru
Ru
Sif Muna
Trog
Uskayaw

Annotations:
D:3 3 runed translucent doors, da312102's ghost, amateur FeCj
D:5 2 transporters, Illumine's ghost, novice DgCj
D:11 Snorg


Innate Abilities, Weirdness & Mutations

You do not regenerate when monsters are visible.
You are frail without blood (-20% HP).
You can heal yourself when you bite living creatures.
You are immune to poison.
You have razor-sharp teeth.
You have supernaturally acute eyesight. (SInv)
You are afflicted with vampirism and can become a bat while bloodless.


Message History

Press: ? - help, Shift-Dir - straight line, f/p - Snorg
Aim: Snorg (64% to hit)
You throw a poisoned dart.
The poisoned dart completely misses Snorg.
Snorg writhes in agony.
Snorg resists with significant effort.
Snorg writhes in agony!
Snorg writhes in agony!
Snorg bites you. Snorg claws you but does no damage. Snorg claws you!
Casting: Pain (safe; 1% risk of failure)
Confirm with . or Enter, or press ? or * to list all spells.
You sense decay.
Snorg goes berserk!
Snorg misses you. Snorg claws you. Snorg barely misses you.
Casting: Corpse Rot (safe; 2% risk of failure)
Confirm with . or Enter, or press ? or * to list all spells.
Aiming: Agony (dangerous; 7% risk of failure)
Press: ? - help, Shift-Dir - straight line, f/p - Snorg
Aim: Snorg (lightly wounded, berserk, chance to affect: 86%) Snorg convulses!
Snorg bites you but does no damage. Snorg claws you.
Snorg claws you but does no damage.
Casting: Agony (dangerous; 7% risk of failure)
Confirm with . or Enter, or press ? or * to list all spells.
Aiming: Agony (dangerous; 7% risk of failure)
Press: ? - help, Shift-Dir - straight line, f/p - Snorg
Aim: Snorg (heavily wounded, berserk, chance to affect: 86%)
You miscast Agony.
You are very lightly contaminated with residual magic.
The world around you seems to dim momentarily.
You resist. Snorg bites you. Snorg claws you!
Snorg claws you but does no damage. Snorg bites you!
* * * LOW HITPOINT WARNING * * *
Snorg claws you but does no damage. x2
Casting: Agony (dangerous; 7% risk of failure)
Confirm with . or Enter, or press ? or * to list all spells.
Aiming: Vampiric Draining (safe; 1% risk of failure)
Press: ? - help, Shift-Dir - straight line, f/p - Snorg
Aim: Snorg (heavily wounded, berserk)
You draw life force from Snorg!
You feel life coursing into your body. Snorg bites you!
You die...

...........c..................#
#
...............##.#.##.##..T..#
# ######....####.##...##.# ....#
# #...... ..##......# #### #
#...#########.##### # #...#
###)############# #...#
#°..............## #...####
#T#.##..##.#......
#......####@#.##..##....#.## ##
#..###......#........##.#.#
...###..###.####.####..##......#
.........##.####.####..#####.###
##.#...........#.............#
###.)###.##.#.#############
#......##.#.# ##.###......# #.#
####.###


You could see Snorg (berserk).

Vanquished Creatures
  A two-headed ogre (D:7)
  Nergalle (D:11)
  Pikel (D:4)
  Maurice (D:8)
  A troll (D:7)
  A hornet (D:10)
  A shadow (D:11)
  A wraith (D:10)
  A vampire (D:10)
  A wyvern (D:7)
  20 yaks
  3 vampire mosquitoes (D:10)
  Menkaure (D:6)
  A steam dragon (D:8)
  2 water moccasins
  An acid dragon (D:10)
  Duvessa (D:6)
  2 orc warriors
  An ogre (D:4)
  5 centaurs
  2 lemures
  4 kobold brigands
  A bullfrog (D:8)
  Blork the orc (D:6)
  Dowan (D:6)
  A water moccasin skeleton (D:4)
  5 wights
  7 electric eels
  5 howler monkeys
  2 centaur zombies
  A bullfrog zombie (D:6)
  A jelly (D:5)
  2 hounds
  3 orc priests
  A bullfrog skeleton (D:6)
  An iguana (D:4)
  8 orc wizards
  A killer bee zombie (D:7)
  A howler monkey zombie (D:5)
  7 adders
  A howler monkey skeleton (D:3)
  A gnoll (D:1)
  A white imp (D:7)
  2 worms (D:2)
  2 dart slugs
  33 orcs
  6 ball pythons
  7 endoplasms
  4 giant cockroaches
  4 hobgoblins
  27 kobolds
  2 quokkas
  3 bats
  3 frilled lizards
  8 goblins
  4 rats
  2 bushes (D:4)
212 creatures vanquished.

Vanquished Creatures (others)
  3 fungi (D:8)
3 creatures vanquished.

Grand Total: 215 creatures vanquished

Notes
Turn   | Place    | Note
-------+----------+-------------------------------------------
     0 | D:1      | bonscott the Vampire Necromancer began the quest for the
                  | Orb.
     0 | D:1      | Reached XP level 1. HP: 13/13 MP: 3/3
    56 | D:1      | Found a faded altar of an unknown god.
   367 | D:1      | Reached XP level 2. HP: 18/19 MP: 3/5
   922 | D:1      | Gained mutation: You are afflicted with vampirism and can
                  | become a bat while bloodless. [Vampire growth]
   922 | D:1      | Reached XP level 3. HP: 23/24 MP: 5/7
  1261 | D:2      | Reached skill level 5 in Necromancy
  1442 | D:2      | Found a shimmering blue altar of Sif Muna.
  1452 | D:2      | Became a worshipper of Sif Muna the Loreminder
  2024 | D:2      | Reached XP level 4. HP: 30/30 MP: 2/9
  2562 | D:3      | Noticed a water moccasin
  2583 | D:3      | Learned a level 3 spell: Vampiric Draining
  2585 | D:3      | Found a runed translucent gate.
  2586 | D:3      | Found a runed translucent gate.
  2587 | D:3      | Found a runed translucent gate.
  2589 | D:3      | Noticed da312102's ghost (amateur FeCj)
  2698 | D:3      | Reached * piety under Sif Muna
  3067 | D:3      | Killed a water moccasin
  3068 | D:3      | Reached skill level 6 in Necromancy
  3068 | D:3      | Reached skill level 1 in Armour
  3068 | D:3      | Reached XP level 5. HP: 23/35 MP: 0/11
  3500 | D:4      | Noticed a necrophage
  3675 | D:4      | Reached XP level 6. HP: 41/41 MP: 7/12
  3978 | D:4      | Found a hazy altar of Hepliaklqana.
  4244 | D:4      | Found an opulent altar of Gozag.
  4645 | D:5      | Entered Level 5 of the Dungeon
  4672 | D:5      | Identified the +4 war axe of Yredelemnul's Grace {vorpal,
                  | Int+4}
  4856 | D:5      | Noticed Pikel
  4981 | D:4      | Reached skill level 1 in Fighting
  4981 | D:4      | Reached XP level 7. HP: 48/48 MP: 5/13
  5058 | D:4      | Killed Pikel
  5059 | D:4      | Reached XP level 8. HP: 60/60 MP: 8/14
  5206 | D:5      | Reached ** piety under Sif Muna
  5231 | D:5      | Found a staircase to the Ecumenical Temple.
  5399 | D:5      | Noticed Illumine's ghost (novice DgCj)
  5432 | D:5      | Found a transporter.
  5437 | D:5      | Found a transporter.
  5747 | D:6      | You fall into a shaft and drop 3 floors!
  5895 | D:9      | Identified the +0 robe "Qovoic" {Slay+3}
  6620 | D:8      | Noticed a centaur warrior
  6811 | D:8      | Noticed Maurice
  6873 | D:7      | Reached skill level 5 in Spellcasting
  6873 | D:7      | Reached skill level 7 in Necromancy
  7489 | D:7      | Found a shimmering blue altar of Sif Muna.
  7501 | D:7      | Found a hide-covered altar of Uskayaw.
  7501 | D:7      | Found a sacrificial altar of Ru.
  7502 | D:7      | Found an iron altar of Okawaru.
  7505 | D:7      | Found a bloodstained altar of Trog.
  7506 | D:7      | Found a blossoming altar of Fedhas.
  7917 | D:7      | Noticed a troll
  8096 | D:6      | Learned a level 4 spell: Dispel Undead
  8108 | D:6      | Reached XP level 9. HP: 52/52 MP: 11/17
  8231 | D:6      | Noticed Blork the orc
  8281 | D:6      | Reached skill level 8 in Necromancy
  8343 | D:6      | Noticed Menkaure
  8367 | D:6      | Killed Menkaure
  8451 | D:6      | Noticed Duvessa
  8453 | D:6      | Noticed Dowan
  8462 | D:6      | Killed Duvessa
  8466 | D:6      | Killed Dowan
  8467 | D:6      | Reached skill level 9 in Necromancy
  8470 | D:6      | Learned a level 2 spell: Corpse Rot
  8681 | D:6      | Learned a level 1 spell: Apportation
  8790 | D:6      | Killed Blork the orc
  9023 | D:7      | Killed a troll
  9078 | D:7      | Noticed a two-headed ogre
  9096 | D:7      | Killed a two-headed ogre
  9097 | D:7      | Reached skill level 10 in Necromancy
  9323 | D:7      | Noticed a gargoyle
  9429 | D:8      | Killed Maurice
  9430 | D:8      | Reached skill level 1 in Evocations
  9694 | D:8      | Reached XP level 10. HP: 56/56 MP: 17/22
 10002 | D:9      | Found a staircase to the Lair.
 10037 | D:9      | Reached *** piety under Sif Muna
 10458 | D:9      | Identified the +3 dagger of the Dwarven Hall {vorpal, rF+}
 10503 | D:9      | Reached skill level 5 in Fighting
 10535 | D:8      | Reached skill level 5 in Armour
 10757 | D:10     | Entered Level 10 of the Dungeon
 10769 | D:9      | Learned a level 5 spell: Agony
 11460 | D:10     | Reached skill level 1 in Invocations
 11523 | D:10     | Reached skill level 1 in Shields
 11553 | D:10     | Reached XP level 11. HP: 40/64 MP: 1/23
 11981 | D:11     | Noticed Nergalle
 12587 | D:11     | Killed Nergalle
 12706 | D:11     | Reached skill level 5 in Shields
 12895 | D:11     | Noticed Snorg
 13075 | D:11     | Mangled by Snorg

Illustrated notes

Levels and vault maps discovered:
D:1:      scummos_arrival_gate, layout_basic, chequers_ecumenical_altar_simple,
          serial_co_window_serial, co_window_corner_a,
          co_window_of_opportunity_a, co_window_paths_a, co_window_paths_a,
          co_window_paths_a, co_window_broadway_b, co_window_corner_b,
          co_window_unsneaky_path_e, co_window_4corner_b, glass_columns_b,
          glass_columns_c, glass_columns_b, glass_columns_c
D:2:      layout_loops_corners, basic_altar, chequers_serial_rivers_micro_a
D:3:      layout_basic, ebering_ghost_rock_garden
D:4:      layout_basic, mainiacjoe_overflow_catch_the_wave, minmay_fountain_box
D:5:      layout_loops_cross, minmay_temple_entry_stoned_glass,
          gammafunk_ghost_hive, uniq_pikel
D:6:      layout_basic, uniq_duvessa, uniq_blork_the_orc, uniq_menkaure
D:7:      minmay_the_grid_triangle_9x9_rhombus_thin
          [minmay_the_grid_triangle_9x9_wacky_v,
          minmay_the_grid_triangle_9x9_prize_top_heavy,
          minmay_the_grid_triangle_9x9_checkered,
          minmay_the_grid_triangle_9x9_swiss_cheese], layout_gridville,
          minitemple
D:8:      layout_cave_pods, fungi_pond_lemuel, kennysheep_small_square,
          uniq_maurice
D:9:      layout_basic
D:10:     layout_loops_cross
D:11:     layout_loops_cross, david_orc_2, uniq_snorg, uniq_nergalle

Skill      XL: |  1  2  3  4  5  6  7  8  9 10 11 |
---------------+----------------------------------+-----
Necromancy     | 5 6 7 10 | 10.0
Spellcasting   | 3 4 5 8 |  8.0
Armour         | 1 2 4 6 |  6.1
Fighting       | 1 4 6 |  6.1
Throwing       | 2 4 |  4.2
Evocations     | 2 3 |  3.0
Invocations    | 3 |  3.0
Shields        | 3 5 |  5.1
Dodging        | |  2.1
Stealth        | |  3.0

Action                   |  1- 3 |  4- 6 |  7- 9 | 10-12 || total
-------------------------+-------+-------+-------+-------++-------
Melee: Dagger            |     1 |       |       |       ||     1
       Flail             |       |    19 |       |       ||    19
       Bite              |       |    34 |     7 |    19 ||    60
       Short sword       |       |   120 |       |       ||   120
       War axe           |       |    19 |    91 |   130 ||   240
       Punch             |       |     3 |     3 |     4 ||    10
Throw: Stone             |     1 |    23 |    27 |    38 ||    89
       Dart              |     3 |    17 |    36 |    26 ||    82
 Cast: Pain              |    72 |    76 |    81 |    41 ||   270
       Vampiric Draining |       |     9 |    29 |    30 ||    68
       Dispel Undead     |       |       |     2 |    13 ||    15
       Agony             |       |       |       |     7 ||     7
       Corpse Rot        |       |       |       |     6 ||     6
 Abil: Exsanguinate      |       |       |     1 |       ||     1
Evoke: Wand              |       |       |     2 |    13 ||    15
  Use: Scroll            |     2 |     4 |     5 |     2 ||    13
 Stab: Sleeping          |       |       |     1 |     2 ||     3
Armor: Robe              |     1 |    19 |       |       ||    20
       Ring mail         |       |       |    87 |   104 ||   191
Dodge: Dodged            |     4 |    35 |    77 |    84 ||   200
